 Dungeon Crawl Stone Soup version 0.27-a0-333-gfa571bf19a (webtiles) character file.

Game seed: 7863415329912706340

6723 Nattfarinn the Tainter (level 11, -6/84 HPs)
             Began as a Formicid Venom Mage on Feb 12, 2021.
             Was a Priest of Cheibriados.
             Mangled by a gargoyle
             ... wielding a +1 mace of protection
              (14 damage)
             ... on level 10 of the Dungeon.
             The game lasted 00:27:42 (11625 turns).

Nattfarinn the Tainter (Formicid Venom Mage)       Turns: 11625, Time: 00:27:42

Health: -6/84      AC: 12    Str: 21    XL:     11   Next: 24%
Magic:  27/27      EV: 12    Int: 32    God:    Cheibriados [***...]
Gold:   745        SH:  0    Dex: 19    Spells: 12/20 levels left

rFire    . . .     SeeInvis +   w - +2 dagger of Miephe {holy, rPois MP+9 Stlth-}
rCold    . . .     Faith    +   (no shield)
rNeg     . . .     Spirit   .   H - +0 acid dragon scales
rPois    +         Reflect  .   (helmet unavailable)
rElec    .         Harm     .   M - +1 cloak {Stlth+}
rCorr    +         Rampage  .   (no gloves)
Will     ++...                  P - +0 pair of boots
Stlth    +.........             v - amulet of faith
HPRegen  0.24/turn              s - +6 ring of intelligence
MPRegen  0.20/turn              L - ring of willpower

@: very slow
A: permanent stasis, dig shafts and tunnels, four strong arms, antennae 3
a: Dig, Shaft Self, Renounce Religion, Bend Time, Temporal Distortion


You were on level 10 of the Dungeon.
You worshipped Cheibriados.
Cheibriados was most pleased with you.
You visited 2 branches of the dungeon, and saw 11 of its levels.

You collected 745 gold pieces.

Inventory:

Hand Weapons
 b - a +0 spear
 w - the +2 dagger of Miephe (weapon) {holy, rPois MP+9 Stlth-}
   (You found it on level 4 of the Dungeon)

   It has been blessed by the Shining One to cause great damage to the undead
   and demons.
   It protects you from poison.
   It affects your magic capacity (+9).
   It makes you less stealthy.
 N - a +1 demon blade of flaming
Missiles
 K - 7 silver javelins
Armour
 D - the +0 ring mail of Negation {rF+}
   (You found it on level 6 of the Dungeon)

   It protects you from fire.
 H - +0 acid dragon scales (worn)
 M - a +1 cloak of stealth (worn)
 P - a +0 pair of boots (worn)
Jewellery
 a - a ring of magical power {unknown}
 s - a +6 ring of intelligence (left hand)
 v - an amulet of faith (around neck)
 L - a ring of willpower (right hand)
 O - a ring of willpower
Wands
 C - a wand of acid (5)
 I - a wand of mindburst (9)
 J - a wand of flame (17)
Scrolls
 f - a scroll of enchant armour {unknown}
 g - 4 scrolls of fear {unknown}
 h - a scroll of magic mapping {unknown}
 i - 9 scrolls of identify {unknown}
 j - 4 scrolls of enchant weapon {unknown}
 p - a scroll of blinking {unknown}
 y - a scroll of fog {unknown}
 z - 3 scrolls of immolation {unknown}
 A - 3 scrolls of teleportation {unknown}
 B - a scroll of random uselessness {unknown}
 G - a scroll of amnesia {unknown}
Potions
 c - 4 potions of haste {unknown}
 e - 4 potions of heal wounds {unknown}
 k - a potion of mutation {unknown}
 l - 4 potions of resistance {unknown}
 m - 2 potions of magic {unknown}
 n - 2 potions of flight {unknown}
 o - a potion of cancellation {unknown}
 q - a potion of attraction {unknown}
 r - 4 potions of curing {unknown}
 u - a potion of might {unknown}
 E - a potion of berserk rage {unknown}
 F - a potion of ambrosia {unknown}


   Skills:
 - Level 7.0 Fighting
 - Level 10.0 Armour
 - Level 1.7 Dodging
 - Level 2.4 Stealth
 + Level 8.4 Shields
 - Level 5.1 Spellcasting
 - Level 1.1 Transmutations
 - Level 11.6 Poison Magic


You had 12 spell levels left.
You knew the following spells:

 Your Spells              Type           Power        Failure   Level
a - Sting                 Tmut/Pois      100%         1%          1
b - Olgreb's Toxic Radia  Pois           70%          1%          4
c - Ignite Poison         Fire/Tmut/Pois 35%          3%          3

Your spell library contained the following spells:

 Spells                   Type           Power        Failure   Level
 Poisonous Vapours        Pois/Air       90%          1%          2
 Mephitic Cloud           Conj/Pois/Air  33%          3%          3


Dungeon Overview and Level Annotations

Branches:
Dungeon (10/15)            Temple (1/1) D:7            Lair (0/6) D:9
    Orc (0/2) D:9

Altars:
Ashenzari
Cheibriados
Dithmenos
Elyvilon
Fedhas
Gozag
Hepliaklqana
Kikubaaqudgha
Makhleb
Nemelex Xobeh
Okawaru
Qazlal
Ru
Sif Muna
Trog
Uskayaw
Vehumet
Wu Jian
Xom
Yredelemnul
Zin
The Shining One

Shops:
D:9 *


Innate Abilities, Weirdness & Mutations

You cannot be hasted, slowed, berserked, paralysed or teleported.
You can dig through walls and to a lower floor.
Your four strong arms can wield two-handed weapons with a shield.
You have a pair of large antennae on your head. (SInv)


Message History

The orc warrior hits you but does no damage.
Casting: Olgreb's Toxic Radiance (mildly dangerous; 1% risk of failure)
Confirm with . or Enter, or press ? or * to list all spells.
You ignite the poison in your surroundings!
The orc warrior seems to burn from within!!!
You kill the orc warrior!
Cheibriados appreciates the change of pace.
The orc seems to burn from within!!
You kill the orc!
Cheibriados appreciates the change of pace.
Your toxic aura wanes.
Things that are here:
a +0 glaive; a +0 chain mail
Things that are here:
4 boomerangs; a +0 leather armour; an orc corpse You sense a monster nearby.
A gargoyle comes into view. It is wielding a +1 mace of protection.
You hit the gargoyle but do no damage. The gargoyle barely misses you.
Casting: Ignite Poison (mildly dangerous; 3% risk of failure)
Confirm with . or Enter, or press ? or * to list all spells.
Aiming: Sting (safe; 1% risk of failure)
Press: ? - help, Shift-Dir - straight line, f - gargoyle
Aim: a gargoyle, wielding a +1 mace of protection (11% to evade)
The sting hits the gargoyle but does no damage.
The gargoyle hurls a stone arrow at you.
The stone arrow hits you!
You hit the gargoyle but do no damage.
The gargoyle hurls a stone arrow at you.
The stone arrow hits you!
You hit the gargoyle but do no damage.
The gargoyle hurls a stone arrow at you.
The stone arrow hits you!
The gargoyle hurls a stone arrow at you.
The stone arrow hits you!
The gargoyle hurls a stone arrow at you.
The stone arrow hits you!!
* * * LOW HITPOINT WARNING * * *
Are you sure you want to shaft yourself?
The gargoyle hits you with a +1 mace of protection!
You die...

################
...............#
..........9@...#
.####..#####..#
#..# #..# #..#
#..# #..# #.)#
#..# #.(# #..#
#..# #..# #..#
#..# #.)#


You could see a gargoyle.

Vanquished Creatures
  Harold (D:9)
  Pikel (D:5)
  An elephant (D:9)
  Maurice (D:8)
  Joseph (D:7)
  Maggie (D:7)
  Prince Ribbit (D:6)
  A wyvern (D:9)
  A basilisk (D:9)
  Menkaure (D:6)
  Duvessa (D:6)
  A water moccasin (D:7)
  3 orc warriors
  3 sky beasts
  2 black bears
  An ogre (D:2)
  2 centaurs (D:10)
  4 lemures (D:5)
  Blork the orc (D:6)
  6 bullfrogs
  2 scorpions
  9 killer bees
  Dowan (D:6)
  3 howler monkeys (D:7)
  2 centaur zombies
  A bullfrog zombie (D:4)
  5 hounds
  3 quasits
  9 orc priests
  Crazy Yiuf (D:7)
  4 iguanas
  3 worker ants
  7 orc wizards
  A hound skeleton (D:5)
  3 hound zombies
  A worker ant zombie (D:4)
  11 gnolls
  6 adders
  A howler monkey skeleton (D:8)
  A shadow imp (D:7)
  2 white imps
  3 ufetubi
  2 oozes
  2 adder skeletons (D:4)
  2 adder zombies (D:4)
  A worm (D:2)
  5 dart slugs
  3 leopard geckos
  34 orcs
  A giant cockroach (D:6)
  4 goblins
  4 hobgoblins
  9 jackals
  7 quokkas
  2 ball pythons
  5 bats
  6 frilled lizards
  6 kobolds
  A leopard gecko zombie (D:4)
  A quokka skeleton (D:5)
  5 rats
213 creatures vanquished.

Vanquished Creatures (others)
  4 withered plants (D:4)
4 creatures vanquished.

Grand Total: 217 creatures vanquished

Notes
Turn   | Place    | Note
-------+----------+-------------------------------------------
     0 | D:1      | Nattfarinn the Formicid Venom Mage began the quest for the
                  | Orb.
     0 | D:1      | Reached XP level 1. HP: 13/13 MP: 3/3
   151 | D:1      | Reached XP level 2. HP: 13/19 MP: 0/5
   382 | D:1      | Reached XP level 3. HP: 22/24 MP: 0/7
   598 | D:1      | Found a stormy altar of Qazlal.
  1609 | D:2      | Noticed an ogre
  1622 | D:2      | Killed an ogre
  1623 | D:2      | Reached skill level 5 in Spellcasting
  1623 | D:2      | Reached XP level 4. HP: 30/30 MP: 6/11
  1623 | D:2      | Reached XP level 5. HP: 35/35 MP: 6/12
  1726 | D:2      | Found a shadowy altar of Dithmenos.
  2576 | D:3      | Reached skill level 5 in Poison Magic
  2745 | D:3      | Reached XP level 6. HP: 37/41 MP: 5/13
  3253 | D:4      | Reached skill level 6 in Poison Magic
  3352 | D:4      | Learned a level 4 spell: Olgreb's Toxic Radiance
  3388 | D:4      | Got a crystal dagger
  3389 | D:4      | Identified the +2 dagger of Miephe {holy, rPois MP+9
                  | Stlth-} (You found it on level 4 of the Dungeon)
  4075 | D:4      | Reached skill level 7 in Poison Magic
  4102 | D:4      | Found a shimmering altar of Xom.
  4120 | D:4      | Reached XP level 7. HP: 33/46 MP: 14/14
  4151 | D:4      | Reached skill level 8 in Poison Magic
  4279 | D:4      | Learned a level 3 spell: Ignite Poison
  4438 | D:4      | Reached skill level 9 in Poison Magic
  4966 | D:4      | Reached XP level 8. HP: 52/52 MP: 11/15
  5109 | D:5      | Entered Level 5 of the Dungeon
  5120 | D:5      | Noticed Pikel
  5125 | D:5      | Killed Pikel
  5126 | D:5      | Reached skill level 11 in Poison Magic
  5447 | D:5      | Reached skill level 1 in Armour
  5900 | D:6      | Reached skill level 1 in Fighting
  6102 | D:6      | Got a brightly glowing ring mail
  6113 | D:6      | Identified the +0 ring mail of Negation {rF+} (You found it
                  | on level 6 of the Dungeon)
  6114 | D:6      | Noticed Dowan
  6115 | D:6      | Noticed Duvessa
  6120 | D:6      | Killed Dowan
  6120 | D:6      | Killed Duvessa
  6121 | D:6      | Reached XP level 9. HP: 58/61 MP: 2/16
  6580 | D:6      | Noticed Blork the orc
  6584 | D:6      | Killed Blork the orc
  6673 | D:6      | Noticed Menkaure
  6675 | D:6      | Killed Menkaure
  6678 | D:6      | Noticed Prince Ribbit
  6682 | D:6      | Killed Prince Ribbit
  6683 | D:6      | Reached skill level 5 in Armour
  7244 | D:7      | Found a staircase to the Ecumenical Temple.
  7267 | Temple   | Entered the Ecumenical Temple
  7584 | Temple   | Became a worshipper of Cheibriados the Contemplative
  7810 | D:7      | Noticed Maggie
  7814 | D:7      | Killed Maggie
  7927 | D:7      | Reached skill level 5 in Fighting
  7928 | D:7      | Reached XP level 10. HP: 50/74 MP: 13/17
  8109 | D:7      | Reached * piety under Cheibriados
  8424 | D:7      | Noticed Joseph
  8428 | D:7      | Killed Joseph
  8985 | D:7      | Found a runed translucent door.
  8986 | D:7      | Noticed Crazy Yiuf
  8991 | D:7      | Killed Crazy Yiuf
  9226 | D:8      | Noticed Maurice
  9230 | D:8      | Killed Maurice
  9332 | D:8      | Reached ** piety under Cheibriados
  9496 | D:8      | Reached skill level 10 in Armour
  9775 | D:8      | Found an ornate altar of the Wu Jian Council.
  9779 | D:8      | Found a sacrificial altar of Ru.
  9783 | D:8      | Found a shimmering blue altar of Sif Muna.
 10136 | D:9      | Found a staircase to the Orcish Mines.
 10140 | D:9      | Reached skill level 1 in Shields
 10232 | D:9      | Noticed an elephant
 10240 | D:9      | Killed an elephant
 10241 | D:9      | Reached skill level 5 in Shields
 10241 | D:9      | Reached XP level 11. HP: 82/84 MP: 9/18
 10408 | D:9      | Reached *** piety under Cheibriados
 10511 | D:9      | Found Idwiumox's Assorted Antiques.
 10609 | D:9      | Noticed Harold
 10617 | D:9      | Killed Harold
 11051 | D:9      | Found a staircase to the Lair.
 11239 | D:10     | Entered Level 10 of the Dungeon
 11625 | D:10     | Mangled by a gargoyle

Illustrated notes

Levels and vault maps discovered:
D:1:      minmay_arrival_semitransparent, layout_rooms, dk_noncrumbling_3,
          glass_columns_c, kennysheep_flooded_box, serial_park_tiny_2
D:2:      layout_rooms, marbit_many_paths, serial_rivers,
          chequers_serial_rivers_micro_d, chequers_serial_rivers_room_a,
          chequers_serial_rivers_micro_a, chequers_serial_rivers_micro_d,
          chequers_serial_rivers_large_b
D:3:      layout_rooms
D:4:      layout_basic, lemuel_crystal_altar, serial_undead, serial_undead_c,
          serial_undead_e, serial_undead_e, serial_undead_b
D:5:      layout_cave_pools, uniq_pikel
D:6:      layout_loops_ring, uniq_prince_ribbit1, uniq_blork_the_orc,
          uniq_menkaure, uniq_duvessa
D:7:      layout_rooms, minmay_temple_entry_statues_fountains, minivault_10,
          hangedman_decor_diamond_cutter, grunt_decor_one_mirror, uniq_maggie,
          uniq_joseph, uniq_crazy_yiuf_cottage
D:8:      layout_loops_ring, minitemple, uniq_maurice
D:9:      layout_basic, david_lair_generic, david_orc_3, serial_shops,
          nicolae_shop_statue_plus, uniq_harold
D:10:     layout_long_grid, serial_shops, shop, minivault_12, uniq_psyche
Temple:   minmay_temple_bridge_d

Skill      XL: |  1  2  3  4  5  6  7  8  9 10 11 |
---------------+----------------------------------+-----
Spellcasting   | 3 5 |  5.1
Poison Magic   | 5 7 9 11 | 11.6
Armour         | 3 7 10 | 10.0
Fighting       | 1 5 7 |  7.0
Shields        | 5 8 |  8.4
Dodging        | |  1.7
Stealth        | |  2.4
Transmutations | |  1.1

Action                   |  1- 3 |  4- 6 |  7- 9 | 10-12 || total
-------------------------+-------+-------+-------+-------++-------
Melee: Spear             |    17 |    14 |       |       ||    31
       Dagger            |       |    43 |   136 |   124 ||   303
 Cast: Sting             |    53 |    90 |    25 |    21 ||   189
       Olgreb's Toxic Ra |       |     3 |    47 |    31 ||    81
       Ignite Poison     |       |       |     9 |    22 ||    31
 Abil: Dig               |     1 |       |       |       ||     1
       Shaft Self        |       |       |       |     1 ||     1
Evoke: Wand              |       |       |     2 |       ||     2
 Stab: Sleeping          |       |     1 |       |       ||     1
Armor: Robe              |     9 |    10 |       |       ||    19
       Leather armour    |       |     1 |    30 |       ||    31
       Ring mail         |       |       |    47 |       ||    47
       Acid dragon scale |       |       |       |   110 ||   110
Dodge: Dodged            |    22 |    52 |    93 |   149 ||   316

Table legend: (Time is in decaauts)
 A = Elapsed time spent in this place.
 B = Non-inter-level travel time spent in this place.
 C = Inter-level travel time spent in this place.
 D = Time resting spent in this place.
 E = Time spent auto-exploring this place.
 F = Levels seen in this place.
 G = Mean time per level.
                   A        B        C        D        E       F      G
               +--------+--------+--------+--------+--------+-----+--------+
         Total |  12719 |  12195 |    524 |   3528 |   7197 |  11 | 1156.3 |
       Dungeon |  12307 |  11947 |    360 |   3528 |   6970 |  10 | 1230.7 |
        Temple |    412 |    249 |    163 |      0 |    227 |   1 |  412.0 |
               +--------+--------+--------+--------+--------+-----+--------+

Top non-repeatable levels by time:
     D:4: 1888 daAuts
     D:9: 1817 daAuts
     D:7: 1717 daAuts
     D:6: 1479 daAuts
     D:2: 1382 daAuts
     D:8: 1096 daAuts
     D:1: 1016 daAuts
     D:3: 853 daAuts
     D:5: 611 daAuts
    D:10: 442 daAuts
  Temple: 412 daAuts
